 Dungeon Crawl Stone Soup version 0.31-a0-188-g5e087ee2ca (webtiles) character file.

Game seed: 5384644949830496486

50 qw the Shooter (level 3, -1/20 HPs)
             Began as a Deep Elf Hunter on June 23, 2023.
             Succumbed to a goblin's poison
             ... on level 2 of the Dungeon.
             The game lasted 00:00:24 (896 turns).

qw the Shooter (Deep Elf Hunter)                     Turns: 896, Time: 00:00:24

Health: -1/20      AC:  6    Str: 10    XL:     3   Next: 55%
Magic:  5/5        EV: 11    Int: 13    God:
Gold:   71         SH:  0    Dex: 18    Spells: 2/2 levels left

rFire   . . .        Y - +0 shortbow
rCold   . . .        (shield currently unavailable)
rNeg    . . .        g - +0 ring mail
rPois   .            (no helmet)
rElec   .            h - +0 cloak
rCorr   .            (no gloves)
SInv    .            (no boots)
Will    .....        e - amulet of guardian spirit
Stlth   +            (no ring)
HPRegen 0.23/turn    (no ring)
MPRegen 0.09/turn

%: guardian spirit
@: lethally poisoned (-1 -> -9)
A: no striking features
a: no special abilities


You were on level 2 of the Dungeon.
You visited 1 branch of the dungeon, and saw 2 of its levels.

You collected 71 gold pieces.


   Skills:
 - Level 1.5 Fighting
 + Level 7.1 Ranged Weapons
 - Level 2.4 Dodging
 - Level 1.2 Stealth


You had 2 spell levels left.
You didn't know any spells.
Your spell library was empty.

Inventory:

Hand Weapons
 Y - a +0 shortbow (weapon)
Armour
 g - a +0 ring mail (worn)
 h - a +0 cloak (worn)
Jewellery
 e - an amulet of guardian spirit (around neck)
Scrolls
 a - a scroll of identify {unknown}
Potions
 f - a potion of curing {unknown}

Dungeon Overview and Level Annotations

Branches:
Dungeon (2/15)

Altars:


Message History

You kill the jackal!
You see here a jackal corpse.
You see here a jackal corpse.
You see here a jackal corpse.
A goblin comes into view. It is wielding a +0 dagger of venom.
Enter note:
Enter note: You shoot an arrow.
The arrow barely misses the goblin.
The goblin shouts!
You shoot an arrow. The arrow closely misses the goblin.
The goblin hits you but does no damage.
You shoot an arrow. The arrow barely misses the goblin.
The goblin hits you but does no damage.
You are poisoned.
You shoot an arrow. The arrow closely misses the goblin.
You feel sick. The goblin hits you but does no damage.
You are more poisoned.
You shoot an arrow.
The arrow hits the goblin but does no damage.
You feel very sick. The goblin hits you but does no damage.
You are lethally poisoned!
The goblin hits you but does no damage.
You shoot an arrow.
The arrow hits the goblin but does no damage.
You feel very sick. The goblin barely misses you.
You shoot an arrow.
The arrow hits the goblin but does no damage.
You feel very sick. The goblin hits you but does no damage.
You are more poisoned.
You shoot an arrow. The arrow closely misses the goblin.
You feel very sick. The goblin hits you but does no damage.
You shoot an arrow. The arrow hits the goblin!
You kill the goblin!
You feel very sick.
There is a lethal amount of poison in your body!
You die...

... .. .. .## # ..# .#
#.# #.# #)# ## #.# #@#
.#####.#### #.###
.~..~..~..## #.#.##
~~.~~~~~~..#####....####
~~~~~~~~~~.%.%%........+
~~~~~%~.~~~.####....####
.~~~~~~~.~~## #.#.##
.~.~..#~~~~# #.###
.##.###~~~~# #.#


There were no monsters in sight!

Vanquished Creatures
  2 dart slugs (D:1)
  4 ball pythons
  4 endoplasms (D:1)
  4 goblins
  6 hobgoblins
  3 jackals (D:2)
  6 quokkas
  A bat (D:2)
  2 frilled lizards
  4 kobolds (D:1)
  2 rats (D:1)
38 creatures vanquished.

Notes
Turn   | Place    | Note
-------+----------+-------------------------------------------
     0 | D:1      | qw the Deep Elf Hunter began the quest for the Orb.
     0 | D:1      | Reached XP level 1. HP: 12/12 MP: 3/3
     0 | D:1      | 0 ||| qw: Version: 0.3-a-9-g12657ce
     0 | D:1      | 0 ||| qw: Game counter: 3432
     0 | D:1      | 0 ||| qw: Always use a shield: true
     0 | D:1      | 0 ||| qw: God list: Okawaru
     0 | D:1      | 0 ||| qw: Allow faded altars: false
     0 | D:1      | 0 ||| qw: Do Orc after D:15 true
     0 | D:1      | 0 ||| qw: Do second Lair branch before Depths: true
     0 | D:1      | 0 ||| qw: Lair rune preference: random
     0 | D:1      | 0 ||| qw: Plans: Normal
     0 | D:1      | 0 ||| PLANNING D:1-11
     3 | D:1      | Noticed an electric eel
   152 | D:1      | Reached XP level 2. HP: 16/16 MP: 4/4
   156 | D:1      | Noticed an electric eel
   161 | D:1      | Reached skill level 6 in Ranged Weapons
   199 | D:1      | 199 ||| FLEEEEING.
   239 | D:1      | Found a faded altar of an unknown god.
   313 | D:1      | Reached XP level 3. HP: 11/20 MP: 5/5
   708 | D:1      | 708 ||| UPGRADING to +0 ring mail.
   718 | D:1      | 718 ||| DROPPING +0 leather armour.
   719 | D:1      | 719 ||| UPGRADING to +0 cloak.
   724 | D:1      | 724 ||| UPGRADING to amulet of guardian spirit.
   729 | D:1      | 729 ||| READING scroll labelled WIROSUFOSA.
   734 | D:1      | 734 ||| DROPPING scroll of butterflies.
   844 | D:2      | Reached skill level 7 in Ranged Weapons
   894 | D:2      | HP: 4/20 [poisoned by a goblin]
   895 | D:2      | HP: 1/20 [poisoned by a goblin]
   896 | D:2      | Succumbed to a goblin's poison

Levels and vault maps discovered:
D:1:      arrival_aquarium_b, layout_basic, chequers_ecumenical_altar_lobes,
          minmay_splitting_lines
D:2:      layout_loops_corners, basic_altar, chequers_serial_rivers_large_a,
          uniq_jessica

Skill      XL: |  1  2  3 |
---------------+----------+-----
Ranged Weapons | 6 7 |  7.1
Fighting       | |  1.5
Dodging        | |  2.4
Stealth        | |  1.2

Action                     || total
---------------------------++-------
   Fire: Shortbow          ||   100
    Use: Scroll            ||     1
 Armour: Leather armour    ||    13
         Ring mail         ||    17
  Dodge: Dodged            ||    21

Table legend:
 A = Non-vault XP
 B = Vault XP
 C = Vault XP percentage of total XP
 D = Non-vault monster count
 E = Vault monster count
 F = Vault count percentage of total count
                 A         B        C        D         E       F
            +---------+---------+-------+---------+---------+-------
      Total |      72 |       0 |   0.0 |      38 |       0 |   0.0
            +---------+---------+-------+---------+---------+-------
        D:1 |      54 |       0 |   0.0 |      28 |       0 |   0.0
        D:2 |      18 |       0 |   0.0 |      10 |       0 |   0.0
            +---------+---------+-------+---------+---------+-------
